cohdb
Replays
Latest Replays
All Replays
Popular Replays
Top Player Replays
Match Explorer
How It Works
Community
CoH3 Stats
Reddit
Sign in to upload your games and track your stats! →
Sign in with Steam
Match 45334598
Unlisted
Match 45334598
Overview
Messages
Build Orders
End
Construct Weapon Support Center
Selects Armored Battlegroup
Selects Assault Engineers
Assault Engineer Squad
M1919 Machine Gun Team
Assault Engineer Squad
.30 cal Machine Gun
Air Support Center
Construct Motor Pool
Bazooka Squad
M24 Chaffee Light Tank
Grasshopper Recon Run
M3 Armored Personnel Carrier
Assault Engineer Squad
Selects Strength in Steel
Selects M8 Scott SPG
M8 Scott SPG
Grasshopper Recon Run
.30 cal Machine Gun
M24 Chaffee Light Tank
Grasshopper Recon Run
M8 Scott SPG
M24 Chaffee Light Tank
Grasshopper Recon Run
M24 Chaffee Light Tank
M8 Scott SPG
Selects M4A3E8 Sherman Combat Group
M4A3E8 Sherman Combat Group
Selects Field Repairs
Field Repairs
Assault Engineer Squad
Field Repairs
M4A3E8 Sherman Combat Group
Field Repairs
P-47 Strafing Run
M4A3E8 Sherman Combat Group
Grasshopper Recon Run
P-47 Strafing Run
M4A3E8 Sherman Combat Group
M4A3E8 Sherman Combat Group
Cc
Origin0598
Warm Sake
FuniX22
Cpt.Marco
anioki
Sky Blues
xMesa
0
0
Comments
sign in to comment!
No comments posted yet!